 Dungeon Crawl Stone Soup version 0.29-a0-297-g7659ce593d (webtiles) character file.

Game seed: 4679289881376647744

2310 kae the Arsonist (level 9, -7/54 HPs)
             Began as a Tengu Fire Elementalist on Mar 20, 2022.
             Killed from afar by a steam dragon (21 damage)
             ... with a ball of steam
             ... on level 7 of the Dungeon.
             The game lasted 00:06:46 (9162 turns).

kae the Arsonist (Tengu Fire Elementalist)          Turns: 9162, Time: 00:06:46

Health: -7/54      AC:  6    Str: 10    XL:     9   Next: 41%
Magic:  14/18      EV: 14    Int: 19    God:
Gold:   360        SH:  0    Dex: 14    Spells: 4/18 levels left

rFire   . . .      SeeInvis .   j - +8 dagger "Ecruel" {drain, rC+}
rCold   + + .      Faith    .   (no shield)
rNeg    . . .      Spirit   .   v - +2 robe {rC+}
rPois   .          Reflect  .   (helmet restricted)
rElec   .          Harm     .   (no cloak)
rCorr   .          Rampage  .   c - +1 pair of gloves
Will    .....                   (boots unavailable)
Stlth   ++........              m - amulet of regeneration
HPRegen 0.98/turn               (no ring)
MPRegen 0.16/turn               (no ring)

@: flying quickly and evasively, quick
A: beak, talons 3, nimble flight
a: no special abilities


You were on level 7 of the Dungeon.
You visited 1 branch of the dungeon, and saw 7 of its levels.
You also visited: Sewer.

You collected 456 gold pieces.
You spent 96 gold pieces at shops.

Inventory:

Hand Weapons
 f - a +2 dagger of venom
 g - a +0 spear
 j - the +8 dagger "Ecruel" (weapon) {drain, rC+}
   (You found it on level 4 of the Dungeon)

   A truly terrible weapon, it drains the life of any living foe it strikes.
   rC:        It protects you from cold.
Missiles
 s - 2 throwing nets
Armour
 a - a +0 robe
 c - a +1 pair of gloves (worn)
 v - a +2 robe of cold resistance (worn)
Jewellery
 d - a ring of flight
 l - an amulet of faith
 m - an amulet of regeneration (around neck)
 t - an amulet of guardian spirit
 w - a ring of magical power
Scrolls
 o - 2 scrolls of blinking
 q - a scroll of fog
 r - 2 scrolls of teleportation
Potions
 b - a potion of magic
 e - 3 potions of curing
 h - 2 potions of resistance
 i - a potion of lignification {unknown}
 k - a potion of haste
 n - 4 potions of brilliance {unknown}
 u - a potion of mutation {unknown}
 x - a potion of heal wounds


   Skills:
 + Level 5.2 Fighting
 - Level 2.1 Dodging
 - Level 2.0 Stealth
 + Level 5.3 Spellcasting
 + Level 7.2 Conjurations
 * Level 9.2 Fire Magic


You had 4 spell levels left.
You knew the following spells:

 Your Spells              Type           Power      Damage    Failure   Level
a - Foxfire               Conj/Fire      100%       2x1d9     1%          1
b - Scorch                Fire           80%        2d9       1%          2
c - Conjure Flame         Conj/Fire      36%        6-21      1%          3
d - Magic Dart            Conj           100%       1d8       1%          1
e - Inner Flame           Hex/Fire       22%        N/A       5%          3
f - Flame Wave            Conj/Fire      36%        2d9       4%          4

Your spell library contained the following spells:

 Spells                   Type           Power      Damage    Failure   Level
 Apportation              Tloc           10%        N/A       12%         1
 Mephitic Cloud           Conj/Pois/Air  14%        N/A       14%         3
 Call Imp                 Summ           5%         N/A       19%         2
 Frozen Ramparts          Ice            10%        1d3       34%         3
 Ice Form                 Ice/Tmut       5%         N/A       75%         4
 Passage of Golubria      Tloc           5%         N/A       75%         4
 Summon Ice Beast         Ice/Summ       5%         N/A       75%         4
 Manifold Assault         Tloc           5%         N/A       97%         5
 Summon Cactus Giant      Summ           2%         N/A       100%        6
 Disjunction              Tloc           2%         N/A       100%        8


Dungeon Overview and Level Annotations

Branches:
Dungeon (7/15)              Sewer (visited)
 Temple: D:4-7

Altars:
Dithmenos
Trog
Uskayaw
Wu Jian
Xom

Shops:
D:2 !   D:5 (   D:6 (

Annotations:
D:3 Grinder
D:5 3 runed translucent doors, manifold's ghost, novice KoBr; robertstho's ghost, novice DjFE
D:6 1 runed translucent door, cheburek's ghost, novice TeCA


Innate Abilities, Weirdness & Mutations

You have a beak for a mouth.
You have claws for feet.
Your magical nature lets you fly swiftly and evasively.


Message History

You see here 21 stones.
Things that are here:
a +0 flail; a +0 whip
There is an escape hatch in the floor here.
You fly downwards.
The hatch slams shut behind you.
You hear the roar of battle.
There is an entrance to a bailey on this level.
Hurry and find it before the portal closes forever!
You hear the creaking of a very distant portcullis.
Okay, then.
The steam dragon hisses angrily.
The centaur shoots an arrow.
The arrow barely misses you.
The centaur shoots an arrow.
The arrow barely misses you.
The centaur shoots an arrow.
The arrow hits you! The steam dragon breathes steam at you.
The ball of steam hits you!
There is a stone staircase leading up here.
Casting: Scorch (safe; 1% risk of failure)
Confirm with . or Enter, or press ? or * to list all spells.
Flames lash the centaur.
The centaur is severely wounded.
The centaur's fire resistance burns away.
The centaur shoots an arrow.
The arrow hits you!
The centaur shoots an arrow.
The arrow completely misses you.
The centaur shoots an arrow.
The arrow barely misses you.
Casting: Scorch (safe; 1% risk of failure)
Confirm with . or Enter, or press ? or * to list all spells.
Flames lash the steam dragon.
The steam dragon is heavily wounded.
The steam dragon's fire resistance burns away.
The centaur shoots an arrow.
The arrow hits you.
The centaur shoots an arrow.
The arrow hits you.
* * * LOW HITPOINT WARNING * * *
The centaur shoots an arrow.
The arrow closely misses you.
The steam dragon bites you but does no damage.
The steam dragon claws you.
* * * LOW HITPOINT WARNING * * *
The centaur shoots an arrow.
The arrow barely misses you. The steam dragon breathes steam at you.
The ball of steam hits you!!
You die...

...............
...............
......)......
...........# ...........#
........c.# ..........#
#......D..##
#.......@..## #######
#...........###.....# ##
#...................####.
#.....................#..
.......).................
...................#.....
#........................
##..................###.#
#................### #.#


You could see a steam dragon (catching breath, combustible) and a centaur
(combustible).

Vanquished Creatures
  Pikel (D:6)
  Sigmund (D:6)
  Eustachio (D:6)
  A water moccasin (Sewer)
  A black bear (D:4)
  An ice beast (D:6)
  2 sky beasts (D:5)
  3 ogres
  2 phantoms
  A kobold brigand (D:6)
  Blork the orc (D:4)
  2 scorpions
  A necrophage (D:6)
  3 howler monkeys (D:7)
  2 hounds
  3 gnolls (D:6)
  6 adders
  2 white imps
  2 ufetubi (D:6)
  3 worms
  2 dart slugs
  2 orcs
  5 ball pythons
  7 bats
  4 endoplasms
  2 giant cockroaches (D:1)
  8 goblins
  7 hobgoblins
  11 jackals
  3 quokkas
  12 kobolds
  6 rats
108 creatures vanquished.

Vanquished Creatures (collateral kills)
  An endoplasm (D:2)
1 creature vanquished.

Vanquished Creatures (others)
  210 foxfires
210 creatures vanquished.

Grand Total: 319 creatures vanquished

Notes
Turn   | Place    | Note
-------+----------+-------------------------------------------
     0 | D:1      | kae the Tengu Fire Elementalist began the quest for the
                  | Orb.
     0 | D:1      | Reached XP level 1. HP: 10/10 MP: 4/4
    13 | D:1      | Noticed a minotaur skeleton
    19 | D:1      | Noticed a minotaur skeleton
   151 | D:1      | Reached XP level 2. HP: 16/16 MP: 1/6
   516 | D:1      | Found a faded altar of an unknown god.
   750 | D:1      | Reached XP level 3. HP: 5/20 MP: 4/7
  1045 | D:1      | Reached skill level 1 in Fighting
  1402 | D:2      | Reached skill level 4 in Fire Magic
  1487 | D:2      | Found Usmewyts's Distillery.
  1552 | D:2      | Bought a potion of curing for 36 gold pieces
  1552 | D:2      | Bought a potion of heal wounds for 60 gold pieces
  1696 | D:2      | Learned a level 2 spell: Scorch
  1698 | D:2      | Learned a level 1 spell: Magic Dart
  2017 | D:2      | Reached XP level 4. HP: 16/25 MP: 5/8
  2235 | D:2      | Learned a level 3 spell: Conjure Flame
  3051 | D:3      | Found a shadowy altar of Dithmenos.
  3120 | D:3      | Got the Handbook of the Traveller
  3227 | D:3      | Noticed Grinder
  3985 | D:3      | Paralysed by Grinder for 3 turns
  4005 | D:4      | Noticed Blork the orc
  4011 | D:4      | Killed Blork the orc
  4012 | D:4      | Gained mutation: Your magical nature lets you fly swiftly
                  | and evasively. [Tengu growth]
  4012 | D:4      | Reached XP level 5. HP: 30/30 MP: 5/10
  4086 | D:4      | Noticed a phantom
  4199 | D:4      | Noticed an ogre
  4269 | D:4      | Reached skill level 5 in Fire Magic
  4279 | D:4      | HP: 1/30 [poisoned by a goblin]
  4359 | D:4      | Found a glowing drain.
  4424 | Sewer    | Entered a sewer
  4478 | Sewer    | Noticed a water moccasin
  4565 | Sewer    | Killed a water moccasin
  4566 | Sewer    | Reached XP level 6. HP: 34/36 MP: 8/11
  4728 | D:4      | Identified the +8 dagger "Ecruel" {drain, rC+}
  5588 | D:4      | Reached XP level 7. HP: 40/40 MP: 2/13
  5695 | D:4      | Found a hide-covered altar of Uskayaw.
  5695 | D:4      | Found an ornate altar of the Wu Jian Council.
  5808 | D:4      | Reached skill level 6 in Fire Magic
  5939 | D:5      | Entered Level 5 of the Dungeon
  6053 | D:5      | Found Ceborghecs's Antique Weapon Boutique.
  6206 | D:5      | Found a shimmering altar of Xom.
  6250 | D:5      | Reached skill level 5 in Conjurations
  6462 | D:5      | Found a runed translucent gate.
  6462 | D:5      | Found a runed translucent gate.
  6462 | D:5      | Found a runed translucent gate.
  6499 | D:5      | Noticed robertstho's ghost (novice DjFE)
  6499 | D:5      | Noticed manifold's ghost (novice KoBr)
  6684 | D:5      | Reached XP level 8. HP: 48/48 MP: 8/15
  6831 | D:5      | Reached skill level 7 in Fire Magic
  7193 | D:6      | Noticed Pikel
  7861 | D:6      | Killed Pikel
  7862 | D:6      | Reached skill level 8 in Fire Magic
  7916 | D:6      | Reached XP level 9. HP: 52/52 MP: 14/17
  7948 | D:6      | Noticed Eustachio
  8131 | D:6      | Learned a level 3 spell: Inner Flame
  8136 | D:6      | Learned a level 4 spell: Flame Wave
  8160 | D:6      | Killed Eustachio
  8161 | D:6      | Reached skill level 5 in Spellcasting
  8265 | D:6      | Reached skill level 5 in Fighting
  8266 | D:6      | Noticed Sigmund
  8271 | D:6      | Killed Sigmund
  8272 | D:6      | Reached skill level 9 in Fire Magic
  8867 | D:6      | Found a runed translucent door.
  8868 | D:6      | Found a shimmering altar of Xom.
  8868 | D:6      | Noticed a +2 rapier of chaos
  8868 | D:6      | Noticed cheburek's ghost (novice TeCA)
  8876 | D:6      | Found Xajots's Antique Weapon Shop.
  8939 | D:7      | Found a bloodstained altar of Trog.
  9162 | D:7      | Killed from afar by a steam dragon

Illustrated notes

Levels and vault maps discovered:
D:1:      shiori_arrival_whats_in_store_for_you, layout_basic,
          hellmonk_ecumenical_altar_arch_garden
D:2:      layout_loops_corners, serial_shops, shop_coins
D:3:      layout_basic, nicolae_dithmenos_shadow_blocks, serial_shops,
          nicolae_shop_crystal, uniq_grinder
D:4:      layout_basic, gammafunk_temple_overflow_elements,
          gup_sewer_entry_bubbles, uniq_blork_the_orc
D:5:      layout_basic, mainiacjoe_overflow_boulevard, kennysheep_mini_moat,
          serial_shops, shop_statue, gammafunk_ghost_cemetery,
          chequers_serial_rivers_micro_b
D:6:      nicolae_cairo_tiling, layout_loops_ring, serial_shops,
          nicolae_lakefront_shop, ebering_ghost_xom, uniq_eustachio,
          uniq_sigmund, uniq_pikel
D:7:      layout_layer_cave, grunt_qazlal_sundering, trog_three_pillars_becter,
          amethyst_overflow_temple_binary, minmay_temple_entry_antechambers,
          enter_bailey_2, nicolae_shop_firing_range, uniq_maggie

Skill      XL: |  1  2  3  4  5  6  7  8  9 |
---------------+----------------------------+-----
Conjurations   | 2 3 4 5 6 7 |  7.2
Fighting       | 1 2 3 4 5 |  5.2
Fire Magic     | 4 5 6 8 9 |  9.2
Spellcasting   | 3 4 5 |  5.3
Dodging        | |  2.1
Stealth        | |  2.0

Action                   |  1- 3 |  4- 6 |  7- 9 || total
-------------------------+-------+-------+-------++-------
Melee: Spear             |    15 |     9 |       ||    24
       Kick              |     2 |     6 |     3 ||    11
       Peck              |     1 |     2 |     7 ||    10
       Dagger            |       |     6 |    25 ||    31
       Punch             |       |       |     2 ||     2
 Cast: Foxfire           |    78 |    33 |    18 ||   129
       Scorch            |       |    23 |    74 ||    97
       Conjure Flame     |       |     2 |     5 ||     7
       Magic Dart        |       |       |     2 ||     2
       Inner Flame       |       |       |     1 ||     1
  Use: Scroll            |     3 |     7 |     1 ||    11
       Potion            |     2 |     5 |     1 ||     8
 Stab: Sleeping          |       |       |     1 ||     1
Armor: Robe              |    10 |    12 |    19 ||    41
Dodge: Dodged            |    21 |    17 |    54 ||    92

Table legend: (Time is in decaauts)
 A = Elapsed time spent in this place.
 B = Non-inter-level travel time spent in this place.
 C = Inter-level travel time spent in this place.
 D = Time resting spent in this place.
 E = Time spent auto-exploring this place.
 F = Levels seen in this place.
 G = Mean time per level.
                   A        B        C        D        E       F      G
               +--------+--------+--------+--------+--------+-----+--------+
         Total |   8927 |   8608 |    319 |   1698 |   5795 |   8 | 1115.9 |
       Dungeon |   8724 |   8405 |    319 |   1673 |   5690 |   7 | 1246.3 |
         Sewer |    202 |    202 |      0 |     25 |    104 |   1 |  202.0 |
               +--------+--------+--------+--------+--------+-----+--------+

Top non-repeatable levels by time:
     D:4: 1751 daAuts
     D:6: 1725 daAuts
     D:2: 1505 daAuts
     D:1: 1391 daAuts
     D:3: 1109 daAuts
     D:5: 1087 daAuts
   Sewer: 202 daAuts
     D:7: 153 daAuts
